PCL
DISTRICT 9 PRAWNS @ HOUSTON HAMMERTIME
09/12/2024
 
TOP OF THE 1ST
District 9 Prawns batting - Pitching for Houston Hammertime : RHP Carlos Fernández
Pitching: RHP Carlos Fernández
Batting: LHB Brian Roy 0-0: Fly out, F8 (Flyball, 89M)
Batting: RHB Alfredo Cortéz 0-0: Called Strike
0-1: Ground out 6-3 (Groundball, 6)
Batting: RHB Tony Guzmán 0-0: Ball
1-0: Foul Ball, location: 2F
1-1: Ground out 6-3 (Groundball, 6M)
Top of the 1st over - 0 run(s), 0 hit(s), 0 error(s), 0 left on base; District 9 0 - Houston 0
BOTTOM OF THE 1ST
Houston Hammertime batting - Pitching for District 9 Prawns : RHP Jeff Townsend
Pitching: RHP Jeff Townsend
Batting: RHB Domingo Matos 0-0: Foul Ball, location: 2F
0-1: SINGLE (Groundball, 56)
Batting: RHB Pedro Meza 0-0: Ball
1-0: DOUBLE (Groundball, 5L)
Domingo Matos to third
Runner from 3rd tries for Home, SAFE, no throw or cutoff
Batting: RHB Raúl Salas 0-0: Called Strike
0-1: Fly out, F9 (Flyball, 9LM)
Batting: RHB Santo Cruz 0-0: Called Strike
Pedro Meza steals 3rd base
0-1: Ball
1-1: Called Strike
1-2: Ball
2-2: Foul Ball, location: 2F
2-2: Ball
3-2: Ground out 1-3 (Groundball, 13)
Batting: RHB Mario Beltrán 0-0: Foul Ball, location: 2F
0-1: Called Strike
0-2: Fly out, F8 (Line Drive, 8LS)
Bottom of the 1st over - 1 run(s), 2 hit(s), 0 error(s), 1 left on base; District 9 0 - Houston 1
TOP OF THE 2ND
District 9 Prawns batting - Pitching for Houston Hammertime : RHP Carlos Fernández
Batting: SHB Tommy Bourassa 0-0: Called Strike
0-1: Foul Ball, location: 2F
0-2: Ground out 6-3 (Groundball, 6)
Batting: RHB Lúcio García 0-0: Ball
1-0: Foul Ball, location: 2F
1-1: Called Strike
1-2: Foul Ball, location: 2F
1-2: SINGLE (Line Drive, 89S)
Batting: RHB Doug O'Brien 0-0: Ball
1-0: Ball
2-0: Ball
3-0: Base on Balls
Lúcio García to second
Batting: RHB Mal Snyder 0-0: Called Strike
Lúcio García is caught stealing 3rd base
Doug O'Brien to second
0-1: Fly out, F9 (Flyball, 89M)
Top of the 2nd over - 0 run(s), 1 hit(s), 0 error(s), 1 left on base; District 9 0 - Houston 1
BOTTOM OF THE 2ND
Houston Hammertime batting - Pitching for District 9 Prawns : RHP Jeff Townsend
Batting: LHB José Villegas 0-0: Ball
1-0: Bunt for hit - play at first, batter OUT! 2-3
Batting: RHB Aaron Wilson 0-0: Foul Ball, location: 2F
0-1: Ball
1-1: Ball
2-1: Ground out 1-3 (Groundball, 15)
Batting: LHB Fernando Camacho 0-0: Called Strike
0-1: Ball
1-1: Swinging Strike
1-2: Ball
2-2: Ball
3-2: Foul Ball, location: 2F
3-2: SINGLE (Groundball, 5D)
Batting: LHB Juan Cabañas 0-0: Ball
1-0: Foul Ball, location: 2F
1-1: Ground out 3-1 (Groundball, 34)
Bottom of the 2nd over - 0 run(s), 1 hit(s), 0 error(s), 1 left on base; District 9 0 - Houston 1
TOP OF THE 3RD
District 9 Prawns batting - Pitching for Houston Hammertime : RHP Carlos Fernández
Batting: RHB Manuel Torres 0-0: Called Strike
0-1: Swinging Strike
0-2: Fly out, F9 (Flyball, 9S)
Batting: RHB Phil Jacobs 0-0: Called Strike
0-1: Ball
1-1: Ground out 4-3 (Groundball, 4)
Batting: LHB Brian Roy 0-0: Ball
1-0: Fly out, F7 (Flyball, 7M)
Top of the 3rd over - 0 run(s), 0 hit(s), 0 error(s), 0 left on base; District 9 0 - Houston 1
BOTTOM OF THE 3RD
Houston Hammertime batting - Pitching for District 9 Prawns : RHP Jeff Townsend
Batting: RHB Domingo Matos 0-0: Ball
1-0: Ball
2-0: Called Strike
2-1: Ball
3-1: Base on Balls
Batting: RHB Pedro Meza 0-0: Ball
1-0: Called Strike
1-1: Ball
2-1: DOUBLE (Line Drive, 5L)
Domingo Matos to third
Batting: RHB Raúl Salas 0-0: Called Strike
0-1: Swinging Strike
0-2: Ball
1-2: Foul Ball, location: 2F
1-2: Hit by Pitch
Batting: RHB Santo Cruz 0-0: Called Strike
0-1: Foul Ball, location: 2F
0-2: Strikes out swinging
Batting: RHB Mario Beltrán 0-0: Ball
1-0: Fly out, F6 (Popup, 5D)
Batting: LHB José Villegas 0-0: Called Strike
0-1: Foul Ball, location: 2F
0-2: Fly out, F8 (Line Drive, 8LM)
Bottom of the 3rd over - 0 run(s), 1 hit(s), 0 error(s), 3 left on base; District 9 0 - Houston 1
TOP OF THE 4TH
District 9 Prawns batting - Pitching for Houston Hammertime : RHP Carlos Fernández
Batting: RHB Alfredo Cortéz 0-0: Ball
1-0: Swinging Strike
1-1: Foul Ball, location: 2F
1-2: Fly out, F8 (Flyball, 8LXD)
Batting: RHB Tony Guzmán 0-0: Called Strike
0-1: Ball
1-1: Foul Ball, location: 2F
1-2: Strikes out swinging
Batting: SHB Tommy Bourassa 0-0: Swinging Strike
0-1: Foul Ball, location: 2F
0-2: Ball
1-2: Strikes out looking
Top of the 4th over - 0 run(s), 0 hit(s), 0 error(s), 0 left on base; District 9 0 - Houston 1
BOTTOM OF THE 4TH
Houston Hammertime batting - Pitching for District 9 Prawns : RHP Jeff Townsend
Batting: RHB Aaron Wilson 0-0: Ball
1-0: Bunt for hit - play at first, batter OUT! 1-3
Batting: LHB Fernando Camacho 0-0: Ball
1-0: Ball
2-0: Ball
3-0: Foul Ball, location: 2F
3-1: Foul Ball, location: 2F
3-2: Base on Balls
Batting: LHB Juan Cabañas 0-0: Fly out, F3 (Line Drive, 3S)
Batting: RHB Domingo Matos 0-0: Ball
Wild Pitch!
Fernando Camacho to second
1-0: Ball
2-0: Swinging Strike
2-1: Foul Ball, location: 2F
2-2: Strikes out swinging
Bottom of the 4th over - 0 run(s), 0 hit(s), 0 error(s), 1 left on base; District 9 0 - Houston 1
TOP OF THE 5TH
District 9 Prawns batting - Pitching for Houston Hammertime : RHP Carlos Fernández
Batting: RHB Lúcio García 0-0: Ball
1-0: Called Strike
1-1: Fly out, F9 (Flyball, 9M)
Batting: RHB Doug O'Brien 0-0: Ball
1-0: Called Strike
1-1: Ball
2-1: Called Strike
2-2: Ball
3-2: Strikes out looking
Batting: RHB Mal Snyder 0-0: Called Strike
0-1: Ball
1-1: Ground out 4-3 (Groundball, 34)
Top of the 5th over - 0 run(s), 0 hit(s), 0 error(s), 0 left on base; District 9 0 - Houston 1
BOTTOM OF THE 5TH
Houston Hammertime batting - Pitching for District 9 Prawns : RHP Jeff Townsend
Batting: RHB Pedro Meza 0-0: Ball
1-0: Ball
2-0: SINGLE (Groundball, 5D)
Batting: RHB Raúl Salas 0-0: Ball
1-0: Ball
2-0: Foul Ball, location: 2F
2-1: Swinging Strike
2-2: Fly out, F5 (Popup, 56S)
Batting: RHB Santo Cruz 0-0: Ball
1-0: Foul Ball, location: 2F
1-1: Ball
2-1: SINGLE (Line Drive, 6M)
Pedro Meza to second
Batting: RHB Mario Beltrán 0-0: Ball
1-0: Called Strike
1-1: Grounds into double play, 6-4-3 (Groundball, 6M)
Bottom of the 5th over - 0 run(s), 2 hit(s), 0 error(s), 1 left on base; District 9 0 - Houston 1
TOP OF THE 6TH
District 9 Prawns batting - Pitching for Houston Hammertime : RHP Carlos Fernández
Batting: RHB Manuel Torres 0-0: Ball
1-0: Foul Ball, location: 2F
1-1: Ball
2-1: Ball
3-1: SINGLE (Line Drive, 6D)
Batting: RHB Phil Jacobs 0-0: Ball
1-0: Ball
2-0: Swinging Strike
2-1: Foul Ball, location: 2F
2-2: Strikes out swinging
Batting: LHB Brian Roy 0-0: Ball
1-0: Called Strike
Manuel Torres steals 2nd base
1-1: Ball
2-1: Ball
3-1: SINGLE (Line Drive, 8RS)
Manuel Torres to third
Runner from 3rd tries for Home, SAFE, no throw or cutoff
Batting: RHB Alfredo Cortéz 0-0: Ground out 5-3 (Groundball, 5S)
Brian Roy to second
Batting: RHB Tony Guzmán 0-0: Called Strike
0-1: Ball
1-1: Ball
2-1: Foul Ball, location: 2F
2-2: SINGLE (Groundball, 56)
Brian Roy to third
Runner from 3rd tries for Home, throw and OUT!
Top of the 6th over - 1 run(s), 3 hit(s), 0 error(s), 1 left on base; District 9 1 - Houston 1
BOTTOM OF THE 6TH
Houston Hammertime batting - Pitching for District 9 Prawns : RHP Jeff Townsend
Batting: LHB José Villegas 0-0: Ball
1-0: Foul Ball, location: 2F
1-1: Ground out 3-1 (Groundball, 34)
Batting: RHB Aaron Wilson 0-0: Ball
1-0: Ball
2-0: Called Strike
2-1: Foul Ball, location: 2F
2-2: Strikes out looking
Batting: LHB Fernando Camacho 0-0: Ball
1-0: Foul Ball, location: 2F
1-1: Swinging Strike
1-2: Ball
2-2: Ball
3-2: SINGLE (Flyball, 7S)
Pitching: RHP Jayson Simms
Batting: LHB Juan Cabañas 0-0: Ball
1-0: SINGLE (Line Drive, 9S)
Fernando Camacho to second
Runner from 2nd tries for 3rd, SAFE, throw made to third
Batting: RHB Domingo Matos 0-0: Called Strike
0-1: 3-RUN HOME RUN (Flyball, 78D), Distance : 376 ft
Batting: RHB Pedro Meza 0-0: SINGLE (Groundball, 56D)
Batting: RHB Raúl Salas 0-0: Ball
1-0: Swinging Strike
1-1: Called Strike
1-2: Fly out, F7 (Flyball, 78M)
Bottom of the 6th over - 3 run(s), 4 hit(s), 0 error(s), 1 left on base; District 9 1 - Houston 4
TOP OF THE 7TH
District 9 Prawns batting - Pitching for Houston Hammertime : RHP Carlos Fernández
Batting: SHB Tommy Bourassa 0-0: Ball
1-0: Ball
2-0: SINGLE (Groundball, 13) (infield hit)
Batting: RHB Lúcio García 0-0: Swinging Strike
0-1: Called Strike
0-2: Strikes out looking
Batting: RHB Doug O'Brien 0-0: Ball
1-0: Called Strike
1-1: Swinging Strike
1-2: Foul Ball, location: 2F
1-2: Foul Ball, location: 2F
1-2: Strikes out swinging
Tommy Bourassa is caught stealing 2nd base
Batter strikes out.
Top of the 7th over - 0 run(s), 1 hit(s), 0 error(s), 0 left on base; District 9 1 - Houston 4
BOTTOM OF THE 7TH
Houston Hammertime batting - Pitching for District 9 Prawns : RHP Jayson Simms
Batting: RHB Santo Cruz 0-0: Called Strike
0-1: Swinging Strike
0-2: Ball
1-2: Ball
2-2: Strikes out looking
Batting: RHB Mario Beltrán 0-0: Ball
1-0: SOLO HOME RUN (Flyball, 7D), Distance : 358 ft
Pitching: RHP Gerard Allen
Batting: LHB José Villegas 0-0: Ground out 4-3 (Groundball, 4)
Batting: RHB Aaron Wilson 0-0: Ball
1-0: Called Strike
1-1: Foul Ball, location: 2F
1-2: Fly out, F8 (Flyball, 89S)
Bottom of the 7th over - 1 run(s), 1 hit(s), 0 error(s), 0 left on base; District 9 1 - Houston 5
TOP OF THE 8TH
District 9 Prawns batting - Pitching for Houston Hammertime : RHP Carlos Fernández
Batting: RHB Mal Snyder 0-0: Ball
1-0: Ball
2-0: Ball
3-0: Called Strike
3-1: Called Strike
3-2: Foul Ball, location: 2F
3-2: Base on Balls
Batting: RHB Manuel Torres 0-0: Ball
1-0: SINGLE (Line Drive, 78S)
Mal Snyder to second
Pitching: RHP Bill Jones
Batting: RHB Phil Jacobs 0-0: Called Strike
0-1: Ball
1-1: Foul Ball, location: 2F
1-2: Strikes out swinging
Pitching: RHP Daniel Félix
Batting: LHB Brian Roy 0-0: Swinging Strike
0-1: Foul Ball, location: 2F
0-2: Strikes out swinging
Pitching: RHP António Mata
Batting: RHB Alfredo Cortéz 0-0: Called Strike
0-1: Foul Ball, location: 2F
0-2: SINGLE (Line Drive, 34)
Mal Snyder to third
Manuel Torres to second
Runner from 3rd tries for Home, SAFE, no throw or cutoff
Batting: RHB Tony Guzmán 0-0: Called Strike
0-1: Swinging Strike
0-2: Ball
1-2: Strikes out swinging
Top of the 8th over - 1 run(s), 2 hit(s), 0 error(s), 2 left on base; District 9 2 - Houston 5
BOTTOM OF THE 8TH
Houston Hammertime batting - Pitching for District 9 Prawns : RHP Gerard Allen
Batting: LHB Fernando Camacho 0-0: Swinging Strike
0-1: Swinging Strike
0-2: Ball
1-2: Foul Ball, location: 2F
1-2: Ball
2-2: Ball
3-2: Base on Balls
Batting: LHB Juan Cabañas 0-0: Ball
1-0: Ball
2-0: Sac Bunt - play at first, batter OUT! 1-4
Fernando Camacho to second
Batting: RHB Domingo Matos 0-0: Called Strike
0-1: Called Strike
0-2: Ground out 6-3 (Groundball, 6M)
Fernando Camacho to third
Batting: RHB Pedro Meza 0-0: Ball
1-0: Ball
2-0: Ball
3-0: Base on Balls
Batting: RHB Raúl Salas 0-0: SINGLE (Line Drive, 78S)
Fernando Camacho scores
Pedro Meza to second
Batting: RHB Santo Cruz 0-0: Ball
Wild Pitch!
Pedro Meza to third
Raúl Salas to second
1-0: Ball
Wild Pitch!
Pedro Meza scores
Raúl Salas to third
2-0: Swinging Strike
2-1: Ball
3-1: Foul Ball, location: 2F
3-2: Base on Balls
Batting: RHB Mario Beltrán 0-0: Fly out, F4 (Popup, 15)
Bottom of the 8th over - 2 run(s), 1 hit(s), 0 error(s), 2 left on base; District 9 2 - Houston 7
TOP OF THE 9TH
District 9 Prawns batting - Pitching for Houston Hammertime : RHP António Mata
Batting: SHB Tommy Bourassa 0-0: DOUBLE (Flyball, 8RD)
Batting: RHB Lúcio García 0-0: Ball
Wild Pitch!
Tommy Bourassa to third
1-0: SINGLE (Groundball, 56D)
Tommy Bourassa scores
Batting: RHB Doug O'Brien 0-0: Grounds into double play, 6-4-3 (Groundball, 6M)
Batting: RHB Mal Snyder 0-0: Ground out 3-1 (Groundball, 34)
Top of the 9th over - 1 run(s), 2 hit(s), 0 error(s), 0 left on base; District 9 3 - Houston 7
This league is powered by Out of the Park Baseball, the baseball management simulation game for PC, Mac and Linux
Saturday, April 9th, 2016 - OOTP Baseball 16.8 Build 38